Map: Sludge City

Players

boom

  • Race: Protoss Protoss
  • League: Silver
  • Spawn Location: 11:00

Grumm

  • Race: Protoss Protoss
  • League: Gold
  • Spawn Location: 9:00

RockChalk - Winner!

  • Race: Zerg Zerg
  • League: Platinum
  • Spawn Location: 5:00

SuperPops - Winner!

  • Race: Terran Terran
  • Spawn Location: 5:00

VOD

Have the link to the VOD?

Description

Time

  • Played on: Jan. 19, 2016, 9:04 p.m.
  • Length: 17:33
Show
View Real Time Build Order
Export as new Build Order

boom Protoss 

Build Orders:  

Get SALT Encoding   

  12  0:02  Probe (Chrono Boost)  
  13  0:12  Probe (Chrono Boost)  
  14  0:21  Pylon  
  14  0:24  Probe (Chrono Boost)  
  15  0:40  Probe (Chrono Boost)  
  15  0:41  Gateway  
  16  0:50  Probe (Chrono Boost)  
  17  0:59  Assimilator  
  17  1:01  Probe (Chrono Boost)  
  18  1:05  Gateway  
  19  1:11  Probe (Chrono Boost)  
  19  1:17  Assimilator  
  19  1:26  Probe (Chrono Boost)  
  19  1:30  Pylon  
  19  1:32  Cybernetics Core  
  20  1:37  Probe (Chrono Boost)  
  21  1:47  Probe (Chrono Boost)  
  22  2:10  Warp Gate (Chrono Boost)  
  22  2:11  Adept x2  
  26  2:19  Robotics Facility  
  26  2:23  Probe (Chrono Boost)  
  27  2:34  Mothership Core (Chrono Boost)  
  29  2:45  Pylon  
  29  3:12  Nexus  
  27  4:19  Probe  
  27  4:21  Immortal  
  32  4:27  Pylon  
  32  4:31  Adept, Probe  
  33  4:32  Adept  
  37  4:43  Probe  
  38  5:00  Warp Prism (Chrono Boost)  
  40  5:10  Probe, Gateway  
  40  5:11  Probe  
  40  5:12  Gateway  
  42  5:15  Gateway  
  42  5:16  Gateway  
  42  5:19  Pylon  
  42  5:20  Pylon  
  42  5:21  Probe  
  42  5:23  Probe  
  42  5:27  Assimilator  
  44  5:30  Assimilator  
  44  5:31  Probe  
  44  5:35  Observer (Chrono Boost)  
  46  5:36  Probe  
  46  5:42  Adept x2, Probe  
  51  5:48  Probe  
  53  5:52  Probe  
  54  6:00  Probe  
  54  6:03  Probe  
  55  6:07  Stargate  
  56  6:12  Probe  
  56  6:13  Probe  
  56  6:17  Zealot x2  
  62  6:23  Immortal (Chrono Boost)  
  62  6:24  Probe  
  65  7:23  Adept x6  
  77  7:35  Pylon  
  77  7:37  Pylon  
  77  7:54  Immortal (Chrono Boost)  
  81  8:01  Nexus  
  55  8:44  Warp Prism (Chrono Boost)  
  53  8:50  Stalker x3  
  53  8:51  Stalker x3  
  65  8:57  Twilight Council  
  65  9:01  Pylon  
  65  9:10  Assimilator  
  65  9:11  Assimilator  
  65  9:16  Robotics Bay  
  67  9:30  Immortal (Chrono Boost)  
  69  9:36  Blink (Chrono Boost)  
  69  9:41  Robotics Bay  
  69  9:42  Pylon  
  69  9:49  Probe x2  
  69  9:50  Probe  
  72  9:55  Stalker  
  72  9:56  Stalker x5  
  72  9:59  Probe  
  84  10:02  Probe  
  84  10:04  Colossus (Chrono Boost)  
  92  10:09  Extended Thermal Lance  
  92  10:16  Probe  
  92  10:18  Probe  
  58  10:53  Stalker x2  
  58  10:54  Stalker x2  
  66  11:08  Stalker x2  
  70  11:14  Probe  
  70  11:15  Probe  
  70  11:16  Forge x2  
  72  11:23  Nexus  
  72  11:26  Pylon  
  72  11:29  Pylon  
  64  11:35  Stalker x2  
  64  11:36  Stalker x4  
  76  11:46  Gateway  
  76  11:47  Gateway  
  76  11:51  Gateway  
  76  11:53  Colossus  
  62  12:20  Stalker x5  
  62  12:21  Stalker  
  68  12:24  Protoss Ground Armor Level 1  
  68  12:25  Protoss Ground Weapons Level 1  
  68  12:30  Photon Cannon  
  68  12:36  Probe x3  
  68  12:37  Probe  
  72  12:47  Colossus  
  49  13:43  Colossus  
  49  15:05  Colossus  
Show
View Real Time Build Order
Export as new Build Order

Grumm Protoss 

Build Orders: 1 Gate Expand 

Get SALT Encoding   

  12  0:01  Probe (Chrono Boost)  
  13  0:12  Probe (Chrono Boost)  
  14  0:23  Pylon  
  14  0:25  Probe (Chrono Boost)  
  15  0:41  Probe (Chrono Boost)  
  16  0:45  Gateway  
  16  0:51  Probe (Chrono Boost)  
  16  0:53  Assimilator  
  17  1:02  Probe (Chrono Boost)  
  17  1:12  Probe (Chrono Boost)  
  18  1:27  Nexus  
  18  1:39  Cybernetics Core  
  18  1:51  Gateway  
  18  1:56  Probe (Chrono Boost)  
  19  2:05  Gateway  
  19  2:13  Probe (Chrono Boost)  
  20  2:16  Warp Gate (Chrono Boost)  
  20  2:19  Zealot  
  22  2:39  Mothership Core  
  22  2:41  Pylon  
  24  2:49  Probe  
  25  2:59  Stalker  
  25  3:00  Probe, Stalker  
  30  3:07  Probe, Zealot  
  33  3:13  Probe  
  33  3:14  Assimilator  
  34  3:20  Probe  
  34  3:25  Probe  
  34  3:26  Pylon  
  36  3:29  Assimilator  
  36  3:33  Pylon, Probe  
  36  3:37  Probe  
  38  3:44  Probe  
  39  3:49  Probe  
  40  3:56  Stargate  
  40  3:59  Pylon  
  40  4:02  Probe  
  40  4:04  Probe  
  40  4:05  Pylon  
  42  4:31  Probe  
  42  4:32  Probe  
  42  4:35  Zealot x3  
  46  4:41  Oracle, Probe  
  46  4:48  Probe  
  46  4:52  Probe  
  47  4:53  Assimilator  
  47  4:57  Stalker  
  47  4:58  Stalker  
  52  5:00  Zealot  
  52  5:02  Probe  
  55  5:27  Fleet Beacon  
  55  5:32  Pylon  
  55  5:33  Gateway  
  55  5:42  Pylon, Protoss Air Weapons Level 1 (Chrono Boost)  
  55  5:57  Probe  
  55  5:58  Probe  
  55  5:59  Stargate  
  55  6:00  Pylon  
  57  6:16  Nexus  
  57  6:26  Probe  
  57  6:28  Probe  
  48  7:03  Probe  
  48  7:04  Probe  
  48  7:07  Tempest x2  
  58  7:09  Zealot  
  58  7:10  Zealot x2  
  58  7:13  Probe  
  63  7:18  Pylon  
  63  7:20  Pylon, Stalker  
  63  7:35  Robotics Facility  
  63  7:36  Pylon  
  63  7:42  Forge x2  
  63  7:45  Probe x2  
  63  7:47  Probe  
  66  7:51  Assimilator  
  66  7:52  Stalker x2  
  66  7:53  Stalker x2  
  66  7:55  Assimilator  
  66  7:56  Probe x2  
  76  7:59  Probe  
  77  8:06  Probe  
  77  8:10  Probe  
  77  8:11  Probe  
  80  8:16  Protoss Ground Armor Level 1, Protoss Ground Weapons Level 1  
  80  8:17  Probe  
  80  8:19  Protoss Air Armor Level 1 (Chrono Boost)  
  81  8:21  Stalker x4  
  81  8:24  Immortal  
  93  8:33  Photon Cannon  
  93  8:38  Photon Cannon  
  77  9:39  Stalker x2  
  77  9:40  Stalker x2  
  77  9:42  Tempest (Chrono Boost)  
  77  9:43  Tempest (Chrono Boost)  
  93  9:52  Stargate  
  93  9:54  Pylon  
  93  9:55  Stargate  
  93  10:00  Probe  
  94  10:09  Immortal  
  98  10:14  Protoss Air Weapons Level 2  
  98  10:20  Pylon  
  98  10:21  Tempest x2 (Chrono Boost)  
  106  10:23  Pylon  
  100  10:40  Stalker x4  
  100  10:42  Nexus  
  77  11:05  Robotics Bay, Immortal  
  77  11:08  Stalker  
  77  11:09  Stalker x3  
  89  11:22  Twilight Council  
  89  11:24  Pylon  
  89  11:27  Assimilator  
  89  11:31  Assimilator  
  89  11:33  Pylon  
  89  11:36  Pylon  
  89  11:45  Carrier x2 (Chrono Boost)  
  94  12:02  Carrier (Chrono Boost)  
  90  12:15  Stalker x4  
  84  12:41  Colossus  
  90  13:05  Stalker x4  
  88  13:31  Zealot x4  
  94  13:35  Colossus  
  94  13:36  Extended Thermal Lance (Chrono Boost)  
  100  13:52  Zealot x4  
  100  13:54  Charge (Chrono Boost)  
  108  13:59  Void Ray x3 (Chrono Boost)  
  124  14:04  Void Ray (Chrono Boost)  
  124  14:34  Nexus  
  96  15:00  Stalker x2  
  96  15:01  Stalker x2  
  96  15:02  Colossus  
  110  15:11  Void Ray x2 (Chrono Boost)  
  118  15:18  Photon Cannon  
  118  15:20  Photon Cannon  
  118  15:22  Pylon  
  102  16:33  Stalker  
  102  16:34  Stalker x2  
  102  16:35  Stalker  
Show
View Real Time Build Order
Export as new Build Order

RockChalk Zerg - Winner!

Build Orders: Hatch First 

Get SALT Encoding   

  12  0:02  Drone  
  13  0:11  Drone  
  14  0:18  Overlord  
  14  0:42  Drone x3  
  17  0:53  Drone  
  18  1:04  Hatchery  
  17  1:12  Drone  
  18  1:23  Spawning Pool  
  18  1:24  Drone  
  18  1:25  Extractor  
  17  1:26  Drone  
  18  1:36  Drone  
  19  1:48  Drone  
  20  1:57  Overlord  
  20  2:08  Drone  
  21  2:15  Queen  
  23  2:16  Zergling x2, Queen  
  23  2:19  Drone  
  27  2:27  Drone  
  28  2:30  Drone  
  29  2:37  Drone  
  29  2:40  Drone  
  31  2:44  Extractor  
  31  2:48  Metabolic Boost  
  31  2:49  Zergling x2  
  31  2:51  Zergling x2  
  32  2:58  Zergling x2  
  33  3:08  Drone  
  33  3:10  Drone  
  34  3:24  Lair  
  34  3:25  Queen  
  35  3:37  Drone  
  35  3:38  Overlord x2  
  35  3:39  Roach Warren  
  35  3:44  Drone  
  35  4:16  Extractor  
  33  4:17  Overlord  
  33  4:19  Roach  
  33  4:20  Overlord, Roach x4  
  33  4:21  Overlord x2  
  43  4:27  Extractor  
  42  4:52  Glial Reconstitution  
  42  4:54  Drone x9  
  42  4:55  Drone x3  
  54  5:12  Evolution Chamber  
  53  5:14  Overlord  
  53  5:16  Drone  
  53  5:17  Drone x2  
  56  5:27  Hatchery  
  55  5:29  Roach  
  55  5:30  Roach x5  
  67  5:36  Hydralisk Den  
  67  5:38  Evolution Chamber  
  67  5:39  Drone x2  
  67  5:46  Drone  
  68  5:54  Drone  
  69  6:02  Zerg Ground Armor Level 1  
  69  6:04  Zerg Missile Weapons Level 1  
  69  6:06  Muscular Augments  
  69  6:10  Spore Crawler  
  60  6:29  Drone  
  60  6:30  Drone x9  
  60  6:31  Queen  
  72  6:36  Spore Crawler  
  70  6:49  Hydralisk  
  69  7:12  Spire  
  68  7:16  Drone  
  68  7:17  Drone x6  
  75  7:35  Hydralisk  
  75  7:36  Hydralisk x2  
  81  7:37  Overlord x2  
  81  7:53  Spine Crawler, Queen  
  81  7:55  Queen  
  84  7:59  Drone x8  
  84  8:00  Drone x2  
  84  8:04  Extractor  
  84  8:05  Spore Crawler  
  92  8:06  Extractor  
  92  8:09  Spine Crawler  
  90  8:17  Hydralisk x4  
  98  8:34  Zerg Ground Armor Level 2  
  98  8:35  Zerg Missile Weapons Level 2  
  98  8:36  Overlord x2  
  98  8:37  Overlord  
  98  8:56  Mutalisk  
  98  8:57  Roach  
  98  8:58  Roach x7  
  102  9:15  Roach  
  102  9:16  Hydralisk  
  102  9:17  Hydralisk x3  
  106  9:29  Hydralisk x3  
  110  9:45  Extractor  
  109  9:49  Spore Crawler  
  109  9:51  Queen  
  109  9:52  Hydralisk x2  
  112  9:53  Hydralisk x2  
  112  9:54  Hydralisk  
  112  9:55  Overlord  
  120  10:11  Drone  
  120  10:12  Drone  
  120  10:13  Overlord x3  
  100  10:37  Roach x4  
  100  10:38  Roach x8  
  108  11:09  Hatchery, Hydralisk  
  108  11:10  Drone, Hydralisk x4  
  118  11:17  Infestation Pit  
  117  11:20  Hatchery  
  116  11:36  Hydralisk x8  
  110  12:15  Hydralisk  
  110  12:16  Hydralisk x11  
  110  12:17  Hydralisk  
  130  12:29  Queen  
  130  12:31  Queen  
  132  12:40  Drone  
  132  12:41  Drone x6  
  139  13:09  Hydralisk x8  
  147  13:24  Hydralisk  
  147  13:25  Hydralisk x4  
  155  13:35  Overseer  
  153  13:56  Hydralisk x2  
  153  13:57  Hydralisk x4  
  165  14:25  Extractor  
  165  14:26  Extractor  
  141  15:16  Hive  
  141  15:20  Extractor x2  
  139  15:28  Hatchery  
  138  15:34  Hatchery  
  133  15:45  Hatchery  
  133  15:49  Hydralisk  
  126  15:50  Hydralisk x19  
  158  16:16  Roach  
  158  16:17  Overlord  
  158  16:18  Overlord x6  
  92  16:34  Roach x10  
  92  16:35  Roach x9  
  116  16:58  Hydralisk  
  116  16:59  Hydralisk x8  
Show
View Real Time Build Order
Export as new Build Order

SuperPops Terran - Winner!

Build Orders:  

Get SALT Encoding   

  12  0:02  SCV  
  13  0:14  SCV  
  14  0:42  SCV  
  15  0:45  Supply Depot  
  15  0:54  Refinery  
  15  1:07  SCV  
  16  1:11  Barracks  
  16  1:20  Command Center  
  16  1:28  SCV  
  17  1:40  SCV  
  18  1:52  Refinery, SCV  
  19  1:55  Engineering Bay  
  19  2:09  Barracks Reactor  
  19  2:12  Orbital Command  
  19  2:26  Factory  
  19  2:40  Orbital Command  
  19  2:50  SCV  
  20  2:54  Marine x2  
  22  3:16  Marine x2  
  22  3:18  Factory Tech Lab  
  22  3:19  Starport  
  23  3:20  SCV  
  22  3:35  Marine x2  
  22  3:42  Orbital Command  
  22  3:43  Hellion  
  23  3:52  Marine x2  
  21  4:16  Marine x2  
  23  4:20  Siege Tank  
  15  4:40  SCV  
  12  4:52  SCV  
  13  5:04  SCV  
  14  5:16  SCV  
  15  5:21  SCV  
  16  5:29  SCV, Siege Tank  
  16  5:34  SCV  
  21  5:41  SCV  
  22  5:46  Starport Reactor, SCV  
  22  5:49  Factory  
  23  5:53  SCV  
  23  5:55  Supply Depot  
  24  5:58  SCV  
  25  6:05  SCV  
  25  6:07  Missile Turret  
  25  6:10  SCV  
  27  6:15  Missile Turret  
  27  6:19  Missile Turret  
  27  6:22  Missile Turret  
  27  6:25  Missile Turret  
  27  6:36  Factory Tech Lab  
  27  6:37  Missile Turret  
  27  6:40  SCV  
  28  6:52  SCV  
  29  6:59  Viking  
  29  7:04  Viking, SCV  
  29  7:08  SCV  
  26  7:31  Siege Tank  
  26  7:32  Siege Tank  
  32  7:42  SCV  
  32  7:44  SCV  
  34  7:46  Refinery  
  34  7:47  Refinery  
  34  7:54  SCV  
  34  7:56  SCV  
  36  8:03  Siege Tank  
  39  8:06  SCV  
  39  8:07  Viking  
  39  8:08  SCV  
  38  8:20  SCV  
  36  8:37  Siege Tank  
  36  8:38  Viking  
  38  8:47  Barracks  
  38  8:48  SCV  
  39  8:49  Barracks  
  36  9:00  SCV  
  37  9:08  Medivac  
  37  9:09  Marine x2  
  41  9:12  SCV  
  42  9:19  Siege Tank  
  46  9:24  SCV  
  46  9:39  Marine x2, SCV  
  46  9:40  Supply Depot  
  46  9:42  Supply Depot  
  46  9:43  Barracks Tech Lab  
  46  9:44  Barracks Tech Lab  
  49  9:47  SCV  
  49  9:48  Supply Depot  
  49  9:51  SCV  
  51  9:57  Marine x2  
  51  9:59  SCV  
  54  10:02  Medivac  
  54  10:03  Medivac, SCV  
  59  10:12  SCV  
  60  10:16  SCV  
  60  10:17  Stimpack  
  60  10:18  Concussive Shells  
  61  10:28  SCV  
  51  10:52  Marauder x2  
  51  10:53  Marine x2  
  57  11:23  Command Center  
  57  11:33  Marauder  
  57  11:34  Medivac x2, Marauder  
  57  11:39  Siege Tank  
  54  12:16  Viking x2  
  56  12:24  Starport  
  56  12:25  Starport  
  56  12:29  Armory  
  52  12:40  Marine x2  
  52  12:42  Marine x2  
  56  12:46  Viking x2, Planetary Fortress  
  56  12:48  Missile Turret  
  56  12:50  Siege Tank x2  
  66  12:58  Marine x2  
  66  12:59  Marine  
  66  13:00  Marine  
  68  13:16  Marine  
  62  13:29  Viking x2  
  62  13:30  Viking x2  
  62  13:33  Thor  
  72  13:51  Marine  
  72  13:52  Marine x3  
  76  13:59  Viking x2, SCV  
  76  14:02  Refinery  
  81  14:09  Marine x2  
  82  14:11  SCV  
  82  14:13  Viking  
  86  14:23  SCV  
  87  14:26  Medivac  
  87  14:29  Medivac x2  
  93  14:35  Refinery, SCV  
  71  14:47  SCV  
  59  15:02  Viking x3  
  59  15:03  Thor  
  59  15:04  Thor  
  59  15:05  Marine x2  
  79  15:12  SCV  
  80  15:21  SCV  
  80  15:23  Marine x2  
  80  15:24  SCV  
  84  15:30  Marine  
  84  15:31  Marine  
  84  15:32  Viking x2  
  84  15:33  SCV  
  91  15:36  Terran Vehicle And Ship Armor Level 1, SCV  
  91  15:39  Command Center  
  91  15:41  Marine x2  
  93  15:45  SCV  
  93  15:48  Marine, SCV  
  86  15:57  Thor  
  86  15:58  SCV  
  93  16:27  SCV  
  93  16:32  Viking  
  84  16:47  Viking  
  76  17:01  Marine x4  
  71  17:06  Orbital Command  
  74  17:09  Refinery  
  93  17:30  Starport Reactor  
Tags
 
Add a new tag
Caveats
  • Supply blocks, unpowered buildings, or Contaminate may cause inaccurate times.
  • Supply counts are checked every 10 seconds.